 Dungeon Crawl Stone Soup version 0.28.0-1-gb440e238dd (webtiles) character file.

Game seed: 8171602730825295218

400 buriedalive the Chiller (level 6, 0/32 HPs)
             Began as a Deep Elf Ice Elementalist on Feb 23, 2022.
             Slain by a water moccasin skeleton (4 damage)
             ... on level 4 of the Dungeon.
             The game lasted 00:04:14 (3604 turns).

buriedalive the Chiller (Deep Elf Ice Elementalist) Turns: 3604, Time: 00:04:15

Health: 0/32       AC:  2    Str:  5    XL:     6   Next: 54%
Magic:  7/12       EV: 15    Int: 22    God:
Gold:   89         SH:  0    Dex: 15    Spells: 4/11 levels left

rFire   . . .      SeeInvis .   l - +4 dagger
rCold   . . .      Faith    .   (no shield)
rNeg    . . .      Spirit   .   a - +0 robe
rPois   .          Reflect  .   (no helmet)
rElec   .          Harm     .   (no cloak)
rCorr   .          Rampage  .   (no gloves)
Will    .....                   (no boots)
Stlth   ++........              (no amulet)
HPRegen 0.10/turn               (no ring)
MPRegen 0.13/turn               (no ring)

@: no status effects
A: no striking features
a: no special abilities


You were on level 4 of the Dungeon.
You visited 1 branch of the dungeon, and saw 4 of its levels.

You collected 89 gold pieces.

Inventory:

Hand Weapons
 f - a +0 dagger
 l - a +4 dagger (weapon)
Armour
 a - a +0 robe (worn)
Wands
 r - a wand of digging (3)
Scrolls
 b - 3 scrolls of identify {unknown}
 c - a scroll of summoning {unknown}
 e - a scroll of brand weapon {unknown}
 i - 2 scrolls of teleportation {unknown}
 m - a scroll of enchant armour {unknown}
 n - a scroll of immolation {unknown}
 p - a scroll of blinking {unknown}
Potions
 d - a potion of flight {unknown}
 g - a potion of heal wounds
 h - a potion of magic {unknown}
 j - a potion of resistance {unknown}
 k - a potion of curing {unknown}
 o - a potion of attraction {unknown}
 q - a potion of might {unknown}


   Skills:
 + Level 6.2 Dodging
 - Level 2.4 Stealth
 - Level 3.0 Spellcasting
 + Level 6.9 Ice Magic


You had 4 spell levels left.
You knew the following spells:

 Your Spells              Type           Power      Damage    Failure   Level
a - Freeze                Ice            100%       1d11      1%          1
b - Ozocubu's Armour      Ice            33%        N/A       2%          3
c - Frozen Ramparts       Ice            66%        1d8       2%          3

Your spell library contained the following spells:

 Spells                   Type           Power      Damage    Failure   Level
 Ensorcelled Hibernation  Hex/Ice        36%        N/A       4%          2
 Hailstorm                Conj/Ice       18%        3d6       30%         4
 Spider Form              Tmut/Pois      3%         N/A       36%         3
 Anguish                  Hex/Necr       1%         N/A       77%         4
 Conjure Ball Lightning   Conj/Air       1%         3x3d6     100%        6
 Discord                  Hex            1%         N/A       100%        8
 Disjunction              Tloc           1%         N/A       100%        8


Dungeon Overview and Level Annotations

Branches:
Dungeon (4/15)
 Temple: D:4-7

Altars:
Yredelemnul


Message History

The water moccasin skeleton bites you.
You closely miss the water moccasin skeleton.
The water moccasin skeleton is lightly damaged.
The water moccasin skeleton closely misses you.
The water moccasin skeleton barely misses you.
You hit the water moccasin skeleton.
The water moccasin skeleton is lightly damaged.
The water moccasin skeleton bites you.
You barely miss the water moccasin skeleton.
The water moccasin skeleton is lightly damaged.
The water moccasin skeleton bites you.
You hit the water moccasin skeleton.
The water moccasin skeleton is moderately damaged.
The water moccasin skeleton bites you but does no damage.
You hit the water moccasin skeleton.
The water moccasin skeleton is moderately damaged.
The water moccasin skeleton bites you but does no damage.
You hit the water moccasin skeleton.
The water moccasin skeleton is moderately damaged.
The water moccasin skeleton bites you but does no damage.
The water moccasin skeleton closely misses you.
You hit the water moccasin skeleton.
The water moccasin skeleton is moderately damaged.
The water moccasin skeleton bites you.
You hit the water moccasin skeleton.
The water moccasin skeleton is heavily damaged.
The water moccasin skeleton bites you.
You barely miss the water moccasin skeleton.
The water moccasin skeleton is heavily damaged.
The water moccasin skeleton bites you.
* * * LOW HITPOINT WARNING * * *
You completely miss the water moccasin skeleton.
The water moccasin skeleton is heavily damaged.
The water moccasin skeleton barely misses you.
You hit the water moccasin skeleton but do no damage.
The water moccasin skeleton is heavily damaged.
The water moccasin skeleton bites you.
* * * LOW HITPOINT WARNING * * *
The water moccasin skeleton bites you.
You die...

.######......#.##.....#
.....#.......# #...$..
............# .......
............###.$.....
.............#........
.......>....).........
...........†)#).......
...........)##........
.##......@..##........
#......Z......#.....
#...................
...#.....#...........
...###...##...........
... #...##..##.......
#...##.## .#.. ...#.
... ##. ..# ..#


You could see a water moccasin skeleton.

Vanquished Creatures
  A necrophage (D:4)
  An ogre (D:4)
  A hound (D:4)
  An orc priest (D:4)
  Ijyb (D:4)
  Natasha (thrice) (D:2)
  3 adders
  An adder skeleton (D:4)
  A worm (D:3)
  4 orcs (D:4)
  2 ball pythons
  3 endoplasms
  3 giant cockroaches
  2 goblins
  4 hobgoblins
  5 kobolds
  A quokka (D:2)
  3 bats
  5 frilled lizards
  2 rats (D:2)
47 creatures vanquished.

Notes
Turn   | Place    | Note
-------+----------+-------------------------------------------
     0 | D:1      | buriedalive the Deep Elf Ice Elementalist began the quest
                  | for the Orb.
     0 | D:1      | Reached XP level 1. HP: 10/10 MP: 6/6
    63 | D:1      | Found a faded altar of an unknown god.
   566 | D:1      | Reached XP level 2. HP: 5/15 MP: 4/8
  1080 | D:2      | Noticed Natasha
  1090 | D:2      | Killed Natasha
  1091 | D:2      | Reached skill level 5 in Ice Magic
  1091 | D:2      | Reached XP level 3. HP: 1/19 MP: 4/9
  1160 | D:2      | Noticed Natasha
  1172 | D:2      | Killed Natasha
  1431 | D:2      | Learned a level 3 spell: Ozocubu's Armour
  1435 | D:2      | Learned a level 3 spell: Frozen Ramparts
  1442 | D:2      | Reached XP level 4. HP: 12/24 MP: 6/10
  1894 | D:2      | Found a basalt altar of Yredelemnul.
  1955 | D:2      | Noticed Natasha
  1961 | D:2      | Killed Natasha
  3330 | D:4      | Noticed an ogre
  3440 | D:4      | Killed an ogre
  3441 | D:4      | Reached skill level 5 in Dodging
  3441 | D:4      | Reached XP level 5. HP: 28/28 MP: 5/11
  3529 | D:4      | Noticed a necrophage
  3539 | D:4      | Reached XP level 6. HP: 22/32 MP: 8/12
  3543 | D:4      | Noticed Ijyb
  3555 | D:4      | Killed Ijyb
  3604 | D:4      | Slain by a water moccasin skeleton

Illustrated notes

Levels and vault maps discovered:
D:1:      amcnicky_arrival_wind_blow, layout_loops_ring,
          shapermc_ecumenical_altar_mp_urbaneastern
D:2:      layout_loops_corners, basic_altar, minivault_23, uniq_natasha
D:3:      layout_rooms, moated_statue, grunt_decor_one_mirror
D:4:      layout_cave_pools, uniq_ijyb

Skill      XL: |  1  2  3  4  5  6 |
---------------+-------------------+-----
Dodging        | 3 4 5 6 |  6.2
Ice Magic      | 5 6 |  6.9
Stealth        | |  2.4
Spellcasting   | |  3.0

Action                   |  1- 3 |  4- 6 || total
-------------------------+-------+-------++-------
Melee: Unarmed           |     9 |       ||     9
       Dagger            |     4 |    65 ||    69
 Cast: Freeze            |    24 |    25 ||    49
       Frozen Ramparts   |       |     3 ||     3
       Ozocubu's Armour  |       |     1 ||     1
  Use: Potion            |     1 |     2 ||     3
 Stab: Sleeping          |     2 |     4 ||     6
Armor: Robe              |     4 |    14 ||    18
Dodge: Dodged            |    19 |    48 ||    67
